 Dungeon Crawl Stone Soup version 0.31-a0-692-gf03d1854d5 (webtiles) character file.

Game seed: 17479527439572308512

1918 qw the Skirmisher (level 9, -7/56 HPs)
             Began as a Gargoyle Hunter on Sept 6, 2023.
             Was an Initiate of Okawaru.
             Killed by divine providence
             ... invoked by Jeremiah
              (12 damage)
             ... on level 7 of the Dungeon.
             The game lasted 00:02:32 (5917 turns).

qw the Skirmisher (Gargoyle Hunter)                 Turns: 5917, Time: 00:02:32

Health: -7/56      AC: 16    Str: 15    XL:     9   Next: 16%
Magic:  8/8        EV: 16    Int: 10    God:    Okawaru [......]
Gold:   445        SH:  0    Dex: 17    Spells: 8/8 levels left

rFire   + . .        Y - +1 orcbow
rCold   . . .        (shield currently unavailable)
rNeg    + . .        d - +0 ring mail
rPois   inf          j - +1 helmet
rElec   +            b - +0 cloak
rCorr   .            q - +0 pair of gloves
SInv    +            (no boots)
Will    .....        (no amulet)
Stlth   +            e - +5 ring of evasion
HPRegen 0.29/turn    (no ring)
MPRegen 0.11/turn

%: no passive effects
@: no status effects
A: sickness immunity, AC +6, negative energy resistance 1, electricity
resistance, torment resistance 1, petrification resistance, see invisible, fire
resistance 1, low MP 1
a: Renounce Religion


You were on level 7 of the Dungeon.
You worshipped Okawaru.
Okawaru was noncommittal.
You visited 2 branches of the dungeon, and saw 8 of its levels.

You collected 445 gold pieces.


Innate Abilities, Weirdness & Mutations

You are immune to sickness and miasma.
Your stone body is resilient. (AC +6)
You are immune to poison.
You resist negative energy. (rN+)
You are resistant to electric shocks. (rElec)
You are resistant to unholy torment.
You are immune to petrification.
You have supernaturally acute eyesight. (SInv)
Your flesh is heat resistant. (rF+)
Your magical capacity is low. (-10% MP)


   Skills:
 + Level 6.5 Fighting
 - Level 10.2 Ranged Weapons
 - Level 3.1 Armour
 - Level 2.6 Dodging
 - Level 1.1 Stealth


You had 8 spell levels left.
You didn't know any spells.
Your spell library was empty.

Inventory:

Hand Weapons
 Y - a +1 orcbow (weapon)
Armour
 b - a +0 cloak (worn)
 d - a +0 ring mail (worn)
 j - a +1 helmet (worn)
 q - a +0 pair of gloves (worn)
Jewellery
 e - a +5 ring of evasion (left hand)
Scrolls
 k - 3 scrolls of identify
Potions
 a - a potion of curing
 c - a potion of invisibility {unknown}
 f - 2 potions of enlightenment
 g - a potion of might
 h - a potion of mutation
 l - a potion of attraction {unknown}
 m - a potion of degeneration {unknown}
 n - a potion of cancellation {unknown}
 o - a potion of magic {unknown}
 s - a potion of haste {unknown}

Dungeon Overview and Level Annotations

Branches:
Dungeon (7/15)             Temple (1/1) D:6

Altars:
Ashenzari
Cheibriados
Dithmenos
Fedhas
Gozag
Hepliaklqana
Kikubaaqudgha
Makhleb
Nemelex Xobeh
Okawaru
Qazlal
Ru
Sif Muna
Trog
Vehumet
Wu Jian
Xom
Yredelemnul
Zin
The Shining One

Shops:
D:1 :   D:2 [

Annotations:
D:3 2 transporters, qw's ghost, amateur GrHu
D:7 Jeremiah


Message History

The butterfly disappears in a burst of colours!
Jeremiah hops!
You shoot an arrow. The arrow hits Jeremiah!
Jeremiah is moderately wounded.
You shoot an arrow. The arrow hits Jeremiah.
Jeremiah is moderately wounded.
The butterfly disappears in a burst of colours! x4
You shoot an arrow.
The arrow hits Jeremiah but does no damage.
Jeremiah is moderately wounded.
The butterfly disappears in a burst of colours! x2
You shoot an arrow. The arrow completely misses Jeremiah.
You shoot an arrow. The arrow barely misses Jeremiah.
The butterfly disappears in a burst of colours! x2
Jeremiah hops!
The butterfly disappears in a burst of colours!
The butterfly disappears in a burst of colours! x3
You shoot an arrow.
The arrow hits Jeremiah but does no damage.
Jeremiah is moderately wounded.
The butterfly disappears in a burst of colours! x2
The butterfly disappears in a burst of colours! x3
Jeremiah hops!
You shoot an arrow.
The arrow hits Jeremiah but does no damage.
Jeremiah is moderately wounded.
The butterfly disappears in a burst of colours!
The butterfly disappears in a burst of colours! x2
Jeremiah throws their arms up pleadingly.
Something smites you!
Jeremiah lets out a twisted cry.
Something smites you!
You shoot an arrow. The arrow closely misses Jeremiah.
The butterfly disappears in a burst of colours!
You shoot an arrow. The arrow hits Jeremiah!
Jeremiah is heavily wounded.
Jeremiah throws their arms up pleadingly.
Something smites you!
You die...
Jeremiah asks, "Is it over?
Can I wake up now?"

......##.####.....##...##
...#..=.......#..##.....# ###
###...........#...##..>#####.####
.#............#..).....## ......#
....................>#..####....
.##..................#.........#
.>...........##.#######........##
.........bbb##..##.......###....#
...........bFb..@..........#...##
..........bbbb..............##...
......#..##.bbb..b......###......
.....###.##....###.b..... #......
......#......bb# ##......##......
..##...........# #...... #......#
..#.....#....... ........#......#
.. #...#(... ............... ..
###.......


You could see Jeremiah.

Vanquished Creatures
  Pikel (D:6)
  Prince Ribbit (D:5)
  Menkaure (D:7)
  A water moccasin (D:6)
  An ice beast (D:7)
  An ogre (D:4)
  A centaur (D:5)
  4 lemures (D:6)
  A bullfrog (D:7)
  4 scorpions
  2 hounds
  2 orc priests (D:7)
  A sleepcap (D:7)
  2 iguanas
  Ijyb (D:4)
  3 orc wizards
  3 gnolls (D:2)
  6 adders
  2 ufetubi (D:6)
  A worm (D:4)
  A dart slug (D:3)
  19 orcs
  4 endoplasms
  5 giant cockroaches
  10 goblins
  3 hobgoblins
  9 quokkas
  9 ball pythons
  A bat (D:1)
  3 frilled lizards
  11 kobolds
  4 rats
118 creatures vanquished.

Notes
Turn   | Place    | Note
-------+----------+-------------------------------------------
     0 | D:1      | qw the Gargoyle Hunter began the quest for the Orb.
     0 | D:1      | Reached XP level 1. HP: 12/12 MP: 1/1
     0 | D:1      | 0 ||| qw: Version: 0.3-a-76-g4403597
     0 | D:1      | 0 ||| qw: Game counter: 158
     0 | D:1      | 0 ||| qw: Melee chars always use a shield: true
     0 | D:1      | 0 ||| qw: God list: Okawaru
     0 | D:1      | 0 ||| qw: Allow faded altars: false
     0 | D:1      | 0 ||| qw: Do Orc after clearing Dungeon:15 true
     0 | D:1      | 0 ||| qw: Do second Lair branch before Depths: true
     0 | D:1      | 0 ||| qw: Lair rune preference: random
     0 | D:1      | 0 ||| qw: Goals: Normal
     0 | D:1      | 0 ||| PLANNING D:1-11
   103 | D:1      | Found Idiaferi's Book Boutique.
   342 | D:1      | Reached XP level 2. HP: 17/17 MP: 2/2
   641 | D:1      | 641 ||| UPGRADING to +0 ring mail.
   651 | D:1      | 651 ||| DROPPING +0 leather armour.
   652 | D:1      | 652 ||| UPGRADING to +5 ring of evasion.
   653 | D:1      | 653 ||| READING scroll labelled UDDE REESE.
   654 | D:1      | 654 ||| READING scroll labelled GATOMI NASESCH.
   655 | D:1      | 655 ||| READING scroll labelled WOITERESSI.
   656 | D:1      | 656 ||| DROPPING scroll of butterflies.
   702 | D:2      | 702 ||| RETREATING.
   706 | D:2      | 706 ||| Stepping ~*~*~tactically~*~*~ (retreating).
   707 | D:2      | 707 ||| Stepping ~*~*~tactically~*~*~ (retreating).
   708 | D:2      | 708 ||| Stepping ~*~*~tactically~*~*~ (retreating).
   709 | D:2      | 709 ||| Stepping ~*~*~tactically~*~*~ (retreating).
   710 | D:2      | 710 ||| Stepping ~*~*~tactically~*~*~ (retreating).
   718 | D:2      | HP: 4/17 [gnoll/+0 halberd (6)]
   719 | D:2      | Reached skill level 1 in Armour
   725 | D:2      | Reached XP level 3. HP: 4/21 MP: 3/3
   729 | D:2      | Reached skill level 5 in Ranged Weapons
   894 | D:2      | Found Weddicw's Antique Armour Shop.
   907 | D:2      | 907 ||| SHOPLISTING pair of embroidered gloves (172 gold,
                  | have 111).
   907 | D:2      | 907 ||| SHOPLISTING pair of runed boots (172 gold, have
                  | 111).
   907 | D:2      | 907 ||| SHOPLISTING smoking ring mail (207 gold, have 111).
   968 | D:2      | Reached XP level 4. HP: 26/27 MP: 4/4
  1185 | D:2      | Reached skill level 3 in Fighting
  1698 | D:2      | 1698 ||| UPGRADING to +0 helmet.
  1703 | D:2      | 1703 ||| UPGRADING to +0 cloak.
  1708 | D:2      | 1708 ||| READING scroll labelled WIME JI FEQYKK.
  1711 | D:2      | 1711 ||| READING scroll labelled LOTHRE FEAN.
  1732 | D:3      | Found a basalt altar of Yredelemnul.
  1822 | D:3      | Found a transporter.
  1830 | D:3      | Noticed qw's ghost (amateur GrHu)
  1847 | D:3      | Found a transporter.
  1878 | D:3      | You fall into a shaft and drop 2 floors!
  1878 | D:5      | Entered Level 5 of the Dungeon
  1907 | D:5      | Reached XP level 5. HP: 21/32 MP: 5/5
  2019 | D:5      | 2019 ||| UPGRADING to +1 helmet.
  2029 | D:5      | 2029 ||| DROPPING +0 helmet.
  2030 | D:5      | 2030 ||| DRINKING 2 metallic clear potions.
  2031 | D:5      | 2031 ||| DRINKING 2 orange potions.
  2057 | D:4      | 2057 ||| READING scroll of enchant weapon.
  2057 | D:4      | 2057 ||| ENCHANTING +1 shortbow.
  2145 | D:4      | Reached skill level 6 in Ranged Weapons
  2204 | D:4      | Noticed Ijyb
  2218 | D:4      | Killed Ijyb
  2288 | D:4      | 2288 ||| READING scroll of enchant weapon.
  2288 | D:4      | 2288 ||| ENCHANTING +2 shortbow.
  2292 | D:4      | 2292 ||| Stepping ~*~*~tactically~*~*~ (outnumbered).
  2306 | D:4      | 2306 ||| DROPPING ring of wizardry.
  2307 | D:4      | 2307 ||| READING 2 scrolls of identify.
  2307 | D:4      | 2307 ||| IDENTIFYING fizzy green potion
  2308 | D:4      | 2308 ||| DROPPING potion of brilliance.
  2882 | D:3      | 2882 ||| DROPPING scarf of harm.
  2883 | D:3      | 2883 ||| READING scroll labelled MUUPOA LIWNUM.
  2884 | D:3      | 2884 ||| DRINKING 2 bubbling purple potions.
  2885 | D:3      | 2885 ||| DRINKING 2 sapphire potions.
  2934 | D:4      | Noticed an ogre
  2942 | D:4      | Killed an ogre
  2943 | D:4      | Reached XP level 6. HP: 40/40 MP: 6/6
  3230 | D:4      | 3230 ||| UPGRADING to +0 pair of gloves.
  3235 | D:4      | 3235 ||| READING scroll labelled FYCOYN APLAUMM.
  3552 | D:5      | Noticed Prince Ribbit
  3566 | D:5      | Killed Prince Ribbit
  3567 | D:5      | Reached skill level 7 in Ranged Weapons
  3567 | D:5      | Reached XP level 7. HP: 19/44 MP: 7/7
  3904 | D:5      | 3904 ||| SWAPPING to +0 orcbow.
  3905 | D:5      | 3905 ||| DROPPING +3 shortbow.
  4025 | D:5      | 4025 ||| DRINKING 2 fizzy pink potions.
  4025 | D:5      | Gained mutation: Your flesh is heat resistant. (rF+)
                  | [potion of mutation]
  4025 | D:5      | Gained mutation: Your magical capacity is low. (-10% MP)
                  | [potion of mutation]
  4025 | D:5      | Gained mutation: You have supernaturally acute eyesight.
                  | (SInv) [potion of mutation]
  4062 | D:6      | 4062 ||| PLANNING SEWER
  4097 | D:6      | 4097 ||| READING scroll of enchant weapon.
  4097 | D:6      | 4097 ||| ENCHANTING +0 orcbow.
  4135 | D:6      | Reached skill level 8 in Ranged Weapons
  4186 | D:6      | 4186 ||| Stepping ~*~*~tactically~*~*~ (retreating).
  4187 | D:6      | 4187 ||| Stepping ~*~*~tactically~*~*~ (retreating).
  4192 | D:6      | Reached XP level 8. HP: 39/49 MP: 7/7
  4295 | D:6      | Found a broken altar of Ashenzari.
  4412 | D:6      | Found a staircase to the Ecumenical Temple.
  4663 | D:6      | Noticed Pikel
  4664 | D:6      | 4664 ||| RETREATING.
  4667 | D:6      | 4667 ||| Stepping ~*~*~tactically~*~*~ (retreating).
  4705 | D:6      | Killed Pikel
  4706 | D:6      | Reached skill level 9 in Ranged Weapons
  4706 | D:6      | 4706 ||| RIP SEWER
  4793 | D:6      | 4793 ||| PLANNING TEMPLE
  4793 | D:6      | 4793 ||| READING scroll labelled KATILLUIMI.
  4850 | Temple   | Entered the Ecumenical Temple
  4851 | Temple   | 4851 ||| PLANNING OKAWARU WORSHIP
  4869 | Temple   | Became a worshipper of Warmaster Okawaru
  4870 | Temple   | 4870 ||| PLANNING D:1-11
  4974 | D:6      | 4974 ||| Stepping ~*~*~tactically~*~*~ (water).
  4983 | D:6      | 4983 ||| Stepping ~*~*~tactically~*~*~ (water).
  5347 | D:7      | 5347 ||| FLEEEEING.
  5356 | D:7      | 5356 ||| STAIRDANCE
  5385 | D:7      | 5385 ||| STAIRDANCE
  5395 | D:7      | 5395 ||| STAIRDANCE
  5447 | D:7      | 5447 ||| STAIRDANCE
  5457 | D:7      | Reached skill level 3 in Armour
  5552 | D:7      | Reached skill level 6 in Fighting
  5552 | D:7      | Reached XP level 9. HP: 36/55 MP: 8/8
  5660 | D:7      | Noticed Menkaure
  5665 | D:7      | Killed Menkaure
  5666 | D:7      | Reached skill level 10 in Ranged Weapons
  5703 | D:7      | Noticed Jeremiah
  5709 | D:7      | Noticed a two-headed ogre
  5710 | D:7      | 5710 ||| RETREATING.
  5725 | D:7      | 5725 ||| FLEEEEING.
  5726 | D:7      | 5726 ||| FLEEEEING.
  5730 | D:7      | HP: 3/56 [two-headed ogre/+0 giant club (15)]
  5731 | D:7      | 5731 ||| READING scroll of teleportation.
  5732 | D:7      | 5732 ||| DRINKING 2 potions of heal wounds.
  5733 | D:7      | 5733 ||| DRINKING potion of heal wounds.
  5803 | D:7      | 5803 ||| FLEEEEING.
  5804 | D:7      | 5804 ||| FLEEEEING.
  5805 | D:7      | 5805 ||| FLEEEEING.
  5914 | D:7      | HP: 4/56 [Jeremiah/divine providence (12)]
  5917 | D:7      | Killed from afar by Jeremiah

Levels and vault maps discovered:
D:1:      minmay_arrival_stone_box, layout_loops_ring, serial_shops, shop
D:2:      layout_basic, serial_shops, nicolae_shop_advertising_works
          [nicolae_subvault_shop_adworks], st_stairs_14
D:3:      layout_loops_corners, yredelemnul_altar_generic,
          gammafunk_ghost_stat_death, reono_crystal_passage, minmay_hedge_maze
D:4:      layout_cave_pools, uniq_ijyb
D:5:      layout_loops_ring, uniq_prince_ribbit1
D:6:      layout_basic, ashenzari_conservatory_becter, minmay_temple_entry_tees,
          gup_sewer_entry_pipe, uniq_pikel
D:7:      layout_cave_pools, uniq_menkaure, uniq_jeremiah
Temple:   mainiacjoe_temple_bowtie_tessellation

Skill      XL: |  1  2  3  4  5  6  7  8  9 |
---------------+----------------------------+-----
Armour         | 1 2 3 |  3.1
Ranged Weapons | 5 6 7 8 9 10 | 10.2
Fighting       | 3 4 5 6 |  6.5
Dodging        | 2 |  2.6
Stealth        | |  1.1

Action                     |  1- 3 |  4- 6 |  7- 9 || total
---------------------------+-------+-------+-------++-------
   Fire: Shortbow          |    84 |   168 |    13 ||   265
         Orcbow            |       |       |   253 ||   253
    Use: Scroll            |     3 |     7 |     3 ||    13
         Potion            |       |     4 |     3 ||     7
 Armour: Leather armour    |     1 |       |       ||     1
         Ring mail         |    16 |    30 |    96 ||   142
  Dodge: Dodged            |    36 |    48 |   169 ||   253

Table legend:
 A = Non-vault XP
 B = Vault XP
 C = Vault XP percentage of total XP
 D = Non-vault monster count
 E = Vault monster count
 F = Vault count percentage of total count
                 A         B        C        D         E       F
            +---------+---------+-------+---------+---------+-------
      Total |    1632 |    1109 |  40.5 |     100 |      14 |  12.3
            +---------+---------+-------+---------+---------+-------
        D:1 |      18 |       0 |   0.0 |      14 |       0 |   0.0
        D:2 |     112 |       2 |   1.8 |      25 |       1 |   3.8
        D:3 |      13 |       0 |   0.0 |       6 |       0 |   0.0
        D:4 |     210 |      36 |  14.6 |      20 |       1 |   4.8
        D:5 |     330 |     264 |  44.4 |      12 |       1 |   7.7
        D:6 |     559 |     635 |  53.2 |      14 |      10 |  41.7
        D:7 |     390 |     172 |  30.6 |       9 |       1 |  10.0
            +---------+---------+-------+---------+---------+-------
